 Dungeon Crawl Stone Soup version 0.27-a0-931-g5a74e75d8f (webtiles) character file.

Game seed: 12241008023082395724

147590 siradein the Eclecticist (level 17, -3/123 HPs)
             Began as a Djinni Earth Elementalist on Apr 10, 2021.
             Was the Champion of Makhleb.
             Slain by an eight-headed hydra (15 damage)
             ... while paralysed by a fenstrider witch
             ... on level 3 of the Swamp.
             The game lasted 02:17:02 (29449 turns).

siradein the Eclecticist (DjEE)                    Turns: 29449, Time: 02:17:04

Health: -3/123     AC: 10    Str:  7    XL:     17   Next: 47%
Gold:   1855       EV:  2    Int: 22    God:    Makhleb [******] SH:  0 Dex: 16

rFire    + + +     SeeInvis +   h - staff of earth
rCold    . . .     Faith    .   G - +0 kite shield
rNeg     . . .     Spirit   .   K - +1 troll leather armour
rPois    ∞         Reflect  .   Z - +2 hood of the Assassin {Detection Stab+ Stlth++}
rElec    .         Harm     .   R - scarf {rC+ rF+}
rCorr    +         Rampage  .   P - +0 pair of gloves {Stlth+}
Will     +....                  (boots unavailable)
Stlth    +++++.....             k - amulet of the acrobat
HPRegen  1.30/turn              L - ring of see invisible
MPRegen  0.00/turn              T - ring of resist corrosion

@: paralysed, flying
A: fire resistance 2, cold vulnerability 1, float, innate caster, hp casting,
extra vitality 1
a: Renounce Religion, Minor Destruction, Lesser Servant of Makhleb, Major
Destruction, Greater Servant of Makhleb


You were on level 3 of the Swamp.
You worshipped Makhleb.
Makhleb was exalted by your worship.
You visited 5 branches of the dungeon, and saw 27 of its levels.
You visited the Abyss 1 time.
You also visited: Sewer and Gauntlet.

You collected 2541 gold pieces.
You spent 686 gold pieces at shops.

Inventory:

Hand Weapons
 g - the +7 captain's cutlass {speed, disarm}
   (You found it in a Gauntlet)

   Attacks with this weapon are significantly faster.
 M - the +6 dagger "Peosih" {vorpal, Drain +Inv Int+6 Dex+2}
   (You bought it in a shop on level 5 of the Dungeon)

   It inflicts extra damage upon your enemies.
   It affects your intelligence (+6).
   It affects your dexterity (+2).
   It lets you turn invisible.
   It drains your maximum health when unequipped.
Missiles
 b - 815 stones
 B - 11 boomerangs of dispersal
 N - 15 silver javelins
Armour
 G - a +0 kite shield (worn)
 K - a +1 troll leather armour (worn)
 P - a +0 pair of gloves of stealth (worn)
 R - a scarf of resistance (worn)
 Z - the +2 hood of the Assassin (worn) {Detection Stab+ Stlth++}
   (You found it in a Gauntlet)

   It makes you much more stealthy.
Magical Staves
 h - a staff of earth (weapon)
 I - a staff of fire
 S - a staff of poison
 Y - a staff of death
Jewellery
 d - a +4 ring of evasion
 k - an amulet of the acrobat (around neck)
 L - a ring of see invisible (left hand)
 T - a ring of resist corrosion (right hand)
 X - a +4 ring of protection
Wands
 c - a wand of flame (71)
 i - a wand of acid (13)
 p - a wand of iceblast (26)
 A - a wand of polymorph (31)
 F - a wand of random effects (49)
 H - a wand of charming (11)
 Q - a wand of mindburst (33)
Scrolls
 a - 3 scrolls of brand weapon
 j - 11 scrolls of teleportation
 t - a scroll of magic mapping
 u - 2 scrolls of fear
 w - 2 scrolls of summoning
 y - 6 scrolls of fog
 z - 7 scrolls of enchant weapon
 C - 5 scrolls of holy word
 D - 5 scrolls of immolation
 J - 3 scrolls of noise {unknown}
 U - a scroll of vulnerability {unknown}
 V - 2 scrolls of acquirement
 W - 2 scrolls of blinking
Potions
 e - 4 potions of invisibility
 f - 11 potions of curing
 l - 11 potions of mutation
 m - 8 potions of might
 n - a potion of resistance
 o - 6 potions of lignification
 q - 7 potions of heal wounds
 r - 6 potions of brilliance
 s - a potion of haste
 v - a potion of berserk rage
 x - 18 potions of ambrosia
 O - 2 potions of cancellation
Miscellaneous
 E - a tin of tremorstones (2/2)


   Skills:
 + Level 12.0 Fighting
 + Level 12.1 Armour
 + Level 13.2 Dodging
 - Level 1.5 Stealth
 + Level 12.0 Shields
 + Level 16.3 Spellcasting


You had one spell level left.
You knew the following spells:

 Your Spells              Type           Power      Damage    Failure   Level
a - Sandblast             Erth           100%       2d20      0%          1
b - Passwall              Tmut/Erth      78%        N/A       0%          2
c - Stone Arrow           Conj/Erth      100%       3d13      1%          3
d - Petrify               Tmut/Erth      94%        N/A       1%          4
e - Lee's Rapid Deconstr  Erth           47%        3d23*     1%          5
f - Beastly Appendage     Tmut           100%       N/A       0%          1
g - Corpse Rot            Necr/Air       N/A        N/A       0%          2
h - Mephitic Cloud        Conj/Pois/Air  74%        N/A       1%          3
i - Summon Lightning Spi  Summ/Air       74%        N/A       1%          4
j - Borgnjor's Vile Clut  Necr/Erth      47%        N/A       1%          5
k - Agony                 Necr           74%        N/A       1%          5
l - Conjure Ball Lightni  Conj/Air       37%        3x3d12    1%          6
m - Freezing Cloud        Conj/Ice/Air   37%        6-21      1%          6
Your spell library was empty.

Dungeon Overview and Level Annotations

Branches:
Dungeon (15/15)            Temple (1/1) D:4            Lair (6/6) D:10
  Swamp (3/4) Lair:2        Snake (0/4) Lair:4        Slime (0/5) Lair:6
    Orc (2/2) D:11            Elf (0/3) Orc:2        Vaults (0/5) D:13
 Depths (0/5) D:15          Sewer (visited)         Gauntlet (visited)

Altars:
Ashenzari
Cheibriados
Dithmenos
Elyvilon
Fedhas
Hepliaklqana
Kikubaaqudgha
Makhleb
Okawaru
Qazlal
Ru
Sif Muna
Trog
Uskayaw
Vehumet
Wu Jian
Xom
Yredelemnul
Zin
The Shining One
Beogh
Jiyva

Shops:
D:4 ?   D:5 *   D:9 (   Orc:1 (   Orc:2 (*(?


Innate Abilities, Weirdness & Mutations

You are immune to poison.
Your flesh is very heat resistant. (rF++)
You are vulnerable to cold. (rC-)
You float through the air rather than walking.
You learn spells naturally, not from books.
Your magical power is your life essence.
You have superior vitality. (+4 HP)


Message History

You are yanked forward by the harpoon shot.
The zombie hands constrict the swamp worm!
The swamp worm is engulfed in freezing vapours.
You kill the swamp worm!
Makhleb accepts your kill.
You feel better.
The will-o-the-wisp gestures.
The will-o-the-wisp conjures some foxfire! 2 foxfires come into view.
The foxfire hits you. You resist.
The foxfire is engulfed in freezing vapours.
The foxfire hits you. You resist.
The eight-headed hydra bites you but does no damage.
The eight-headed hydra bites you.
The eight-headed hydra completely misses you.
The eight-headed hydra bites you. x2; The eight-headed hydra bites you!
The eight-headed hydra completely misses you.
The eight-headed hydra bites you but does no damage.
The eight-headed hydra bites you but does no damage. x2
The eight-headed hydra bites you! x3
The eight-headed hydra bites you but does no damage. x3
The will-o-the-wisp engulfs you. The eight-headed hydra bites you! x3
* * * LOW HITPOINT WARNING * * *
The eight-headed hydra bites you but does no damage.
The eight-headed hydra bites you.
* * * LOW HITPOINT WARNING * * *
The eight-headed hydra barely misses you.
The eight-headed hydra bites you!
* * * LOW HITPOINT WARNING * * *
The eight-headed hydra bites you but does no damage.
The will-o-the-wisp blinks!
The fenstrider witch hits you but does no damage.
The fenstrider witch kicks you!
* * * LOW HITPOINT WARNING * * *
The eight-headed hydra bites you.
* * * LOW HITPOINT WARNING * * *
The eight-headed hydra bites you but does no damage.
The eight-headed hydra bites you!
You die...

..§≈♣ ♣ ♣≈≈≈≈. ♣
.§≈..♣≈♣♣ ♣♣♣♣.≈§≈≈
..≈≈§.≈≈.♣♣≈♣..≈≈...
≈♣♣♣.♣≈≈≈.§♣≈.≈≈..≈≈≈≈≈§
≈.....≈≈§≈...≈.≈.≈≈≈≈♣≈.
♣≈≈≈≈♣.≈.≈≈≈≈♣..≈≈..≈≈≈§
♣≈..≈≈.≈.v≈≈≈≈.♣♣♣♣.≈≈.≈
♣≈≈≈≈DH§≈≈≈≈≈♣ ♣♣.♣♣♣
♣..≈@≈≈≈..≈.♣♣♣♣♣.♣
♣.♣.§≈§§♣♣.♣<......♣
♣..§♣§§♣.♣♣.♣♣♣..≈≈♣
♣.♣♣♣§≈≈ .♣♣♣♣.≈.§≈♣♣♣ ♣
♣§§..♣.≈≈≈≈≈≈..≈.♣♣
≈≈≈≈♣♣≈≈≈≈≈≈≈..≈.>≈
≈≈.♣♣≈≈≈≈≈..≈≈.≈≈≈
...≈≈♣.≈≈≈..≈≈†..≈.
≈.≈♣≈≈†≈≈≈≈†≈≈


You could see an eight-headed hydra, a fenstrider witch and a will-o-the-wisp.

Vanquished Creatures
  A bone dragon (Abyss:2)
  Gastronok (Lair:2)
  2 orc warlords
  A very ugly thing (D:13)
  A minotaur (Gauntlet)
  5 bunyips
  An eleionoma (Swamp:3)
  An ettin (D:15)
  A shambling mangrove (Swamp:1)
  Josephine (Orc:1)
  Harold (D:7)
  3 vault guards (D:13)
  Fannar (Lair:1)
  12 hydras
  5 boulder beetles
  2 catoblepae
  A ghost crab (Swamp:2)
  5 centaur warriors
  2 alligators (Swamp:1)
  11 two-headed ogres
  A satyr (shapeshifter) (D:13)
  Urug (Lair:4)
  6 death yaks
  5 orc high priests
  A thrashing horror (Abyss:2)
  4 tengu warriors
  A shadow wraith (Abyss:2)
  Nergalle (Lair:1)
  5 skeletal warriors (D:15)
  3 goliath frogs
  2 starcursed masses (Abyss:2)
  A deep troll (D:15)
  A death drake (Gauntlet)
  The ghost of Atlas the Magician, a novice DjIE of Makhleb (D:8)
  2 swamp dragons
  3 bog bodies
  Pikel (D:7)
  6 orc knights
  3 wizards
  A necromancer (D:15)
  3 deep elf pyromancers
  4 orc sorcerers (Orc:2)
  8 cyclopes
  7 ugly things
  A will-o-the-wisp (Swamp:2)
  A manticore (shapeshifter) (D:15)
  A large abomination (Abyss:2)
  An oklob plant (D:10)
  A manticore (D:14)
  A moth of wrath (D:8)
  A black mamba (shapeshifter) (D:13)
  9 black mambas
  2 gargoyles
  2 torpor snails
  6 cane toads
  A kobold demonologist (D:13)
  A minotaur zombie (Gauntlet)
  Maggie (Lair:2)
  An efreet (D:13)
  3 rime drakes
  9 komodo dragons
  An unseen horror (D:12)
  A spectral harpy (Gauntlet)
  2 freezing wraiths
  3 trolls
  A harpy zombie (Gauntlet)
  4 tyrant leeches
  12 hornets
  3 bloated husks
  2 queen bees
  5 blink frogs
  4 polar bears (Lair:6)
  9 meliai
  4 slime creatures
  Grinder (D:6)
  7 dream sheep (Lair:6)
  A vampire (D:14)
  A shadow (D:13)
  3 wyverns
  2 ynoxinuls (Abyss:2)
  9 humans (D:13)
  20 spriggans
  2 wraiths
  A steam dragon (Lair:3)
  65 yaks
  3 basilisks
  3 hogs (Lair:4)
  Eustachio (D:5)
  8 vampire mosquitoes
  Edmund (D:4)
  5 wargs
  9 swamp worms
  2 acid dragons
  24 water moccasins
  A swamp drake (D:11)
  47 orc warriors
  A meliai simulacrum (D:14)
  A sky beast (D:7)
  5 black bears
  A hornet zombie (D:8)
  11 ogres
  A necrophage (D:5)
  3 boggarts (Lair:6)
  9 centaurs
  36 wolves
  A phantom (D:6)
  4 kobold brigands
  10 bullfrogs
  2 scorpions (D:6)
  2 gnoll sergeants (D:8)
  A water moccasin zombie (D:5)
  A small abomination (Abyss:2)
  A wyvern skeleton (D:7)
  48 killer bees
  A water moccasin skeleton (D:4)
  10 wights
  4 howler monkeys
  6 electric eels (Lair:6)
  6 centaur zombies
  A quasit (Abyss:2)
  A hound (D:5)
  2 gnoll shamans
  2 jellies (D:5)
  47 orc priests
  A bullfrog skeleton (D:5)
  Ijyb (D:4)
  2 iguanas
  16 orc wizards
  A killer bee zombie (D:7)
  A hound skeleton (D:5)
  22 gnolls
  18 adders
  A shadow imp (D:8)
  A white imp (D:8)
  An adder skeleton (D:4)
  A dart slug (D:3)
  130 orcs
  8 ball pythons
  7 endoplasms
  3 giant cockroaches
  11 goblins
  5 hobgoblins
  19 jackals
  21 kobolds
  2 quokkas
  3 bats
  6 frilled lizards
  3 rats
940 creatures vanquished.

Vanquished Creatures (collateral kills)
  An acid blob (Lair:6)
  Kirke (Lair:4)
  An ugly thing (D:11)
  An oklob plant (Lair:5)
  2 cane toads
  A komodo dragon (Lair:4)
  5 blink frogs
  2 hogs (Lair:4)
  3 wraiths (Orc:1)
  3 wyverns
  3 basilisks
  15 yaks
  A vampire mosquito (D:11)
  A water moccasin (Lair:1)
  2 orc warriors
  2 wolves (Lair:1)
  2 bullfrogs
  11 killer bees
  6 orcs
63 creatures vanquished.

Vanquished Creatures (others)
  A killer bee (D:9)
  8 ball lightnings
  8 foxfires
  25 fungi
  99 plants
141 creatures vanquished.

Grand Total: 1144 creatures vanquished

Notes
Turn   | Place    | Note
-------+----------+-------------------------------------------
     0 | D:1      | siradein the Djinni Earth Elementalist began the quest for
                  | the Orb.
     0 | D:1      | Reached XP level 1. HP: 15/15 MP: 0/0
    74 | D:1      | Reached skill level 3 in Spellcasting
   254 | D:1      | Reached XP level 2. HP: 20/21 MP: 0/0
   336 | D:1      | Reached XP level 3. HP: 9/25 MP: 0/0
   336 | D:1      | Learned a level 1 spell: Beastly Appendage
  1288 | D:2      | Reached skill level 4 in Spellcasting
  1332 | D:2      | Reached XP level 4. HP: 31/31 MP: 0/0
  1774 | D:2      | Reached XP level 5. HP: 16/35 MP: 0/0
  1774 | D:2      | Learned a level 2 spell: Corpse Rot
  2125 | D:3      | Reached skill level 5 in Spellcasting
  2989 | D:3      | Reached XP level 6. HP: 39/40 MP: 0/0
  3379 | D:4      | Reached skill level 6 in Spellcasting
  3392 | D:4      | Noticed a water moccasin
  3559 | D:4      | Killed a water moccasin
  3560 | D:4      | Reached XP level 7. HP: 27/45 MP: 0/0
  3560 | D:4      | Learned a level 3 spell: Mephitic Cloud
  3628 | D:4      | Found Petyeqos's Magic Scroll Emporium.
  3644 | D:4      | Found a staircase to the Ecumenical Temple.
  3653 | Temple   | Entered the Ecumenical Temple
  3905 | Temple   | Became a worshipper of Makhleb the Destroyer
  3944 | D:4      | Noticed Edmund
  3966 | D:4      | Killed Edmund
  3967 | D:4      | Reached skill level 7 in Spellcasting
  4031 | D:4      | Found a glowing drain.
  4045 | Sewer    | Entered a sewer
  4799 | Sewer    | Reached * piety under Makhleb
  5997 | D:4      | Noticed Ijyb
  6007 | D:4      | Killed Ijyb
  6246 | D:5      | Entered Level 5 of the Dungeon
  6290 | D:5      | Noticed Eustachio
  6303 | D:5      | Killed Eustachio
  6304 | D:5      | Reached skill level 8 in Spellcasting
  6304 | D:5      | Reached XP level 8. HP: 22/50 MP: 0/0
  6775 | D:5      | Identified the +4 scale mail of the Valley {*Corrode rC+++}
  6915 | D:5      | Found Suudec's General Store.
  7280 | D:5      | Reached skill level 9 in Spellcasting
  8186 | D:6      | Reached XP level 9. HP: 45/55 MP: 0/0
  8186 | D:6      | Learned a level 4 spell: Summon Lightning Spire
  8349 | D:6      | Noticed Grinder
  8360 | D:6      | Killed Grinder
  8361 | D:6      | Reached skill level 10 in Spellcasting
  9213 | D:7      | Noticed Harold
  9511 | D:7      | Killed Harold
  9512 | D:7      | Reached skill level 11 in Spellcasting
  9783 | D:7      | Noticed Pikel
  9805 | D:7      | Killed Pikel
  9806 | D:7      | Reached XP level 10. HP: 43/60 MP: 0/0
  9927 | D:7      | Reached skill level 12 in Spellcasting
 10144 | D:7      | Reached ** piety under Makhleb
 11172 | D:8      | Found a transporter.
 11180 | D:8      | Found a bloodstained altar of Trog.
 11189 | D:8      | Found a transporter.
 11190 | D:8      | Noticed a two-headed ogre
 11191 | D:8      | Noticed Atlas's ghost (novice DjIE)
 11194 | D:8      | Noticed a moth of wrath
 11513 | D:8      | Found a glowing silver altar of Zin.
 11742 | D:9      | Reached skill level 13 in Spellcasting
 11946 | D:9      | You are sucked into a shaft and drop 3 floors!
 11950 | D:12     | Noticed a two-headed ogre
 11976 | D:10     | Entered Level 10 of the Dungeon
 12139 | D:10     | Reached XP level 11. HP: 53/65 MP: 0/0
 12139 | D:10     | Learned a level 5 spell: Borgnjor's Vile Clutch
 12517 | D:9      | Reached skill level 1 in Fighting
 12517 | D:9      | Found Joloaqewk's Antique Weapon Shoppe.
 12604 | D:9      | Reached skill level 1 in Armour
 12604 | D:9      | Reached skill level 1 in Shields
 12604 | D:9      | Reached *** piety under Makhleb
 13000 | D:10     | Found a staircase to the Lair.
 13000 | D:10     | Noticed an oklob plant
 13539 | D:10     | Killed an oklob plant
 13566 | D:11     | Noticed a cyclops
 13597 | D:11     | Killed a cyclops
 13654 | D:11     | Reached **** piety under Makhleb
 14032 | D:11     | Found a staircase to the Orcish Mines.
 14255 | D:11     | Noticed a cyclops
 14269 | D:11     | Killed a cyclops
 14270 | D:11     | Reached skill level 14 in Spellcasting
 14278 | D:11     | Noticed a boulder beetle
 14288 | D:11     | Killed a boulder beetle
 14289 | D:11     | Reached skill level 5 in Dodging
 14289 | D:11     | Reached XP level 12. HP: 78/78 MP: 0/0
 14617 | Lair:1   | Entered Level 1 of the Lair of Beasts
 14630 | Lair:1   | Reached ***** piety under Makhleb
 14859 | Lair:1   | Reached skill level 5 in Armour
 14871 | Lair:1   | Noticed Fannar
 14882 | Lair:1   | Noticed a seven-headed hydra
 14885 | Lair:1   | Killed Fannar
 14886 | Lair:1   | Reached skill level 5 in Fighting
 14886 | Lair:1   | Reached skill level 5 in Shields
 14977 | D:10     | Killed a seven-headed hydra
 15067 | Lair:1   | Noticed Nergalle
 15077 | Lair:1   | Killed Nergalle
 15946 | Lair:2   | Noticed Maggie
 15951 | Lair:2   | Killed Maggie
 16038 | Lair:2   | Found a staircase to the Swamp.
 16165 | Lair:2   | Noticed a five-headed hydra
 16182 | Lair:2   | Killed a five-headed hydra
 16231 | Lair:2   | Reached XP level 13. HP: 67/86 MP: 0/0
 16231 | Lair:2   | Learned a level 5 spell: Agony
 16347 | Lair:2   | Noticed Gastronok
 16378 | Lair:2   | Killed Gastronok
 17050 | Lair:3   | Reached ****** piety under Makhleb
 17807 | Lair:4   | Noticed Kirke
 17816 | Lair:4   | Killed Kirke
 17866 | Lair:4   | Found a staircase to the Snake Pit.
 18001 | Lair:4   | Reached XP level 14. HP: 96/97 MP: 0/0
 18036 | Lair:4   | Noticed Urug
 18051 | Lair:4   | Killed Urug
 18466 | Lair:5   | Identified the +3 war axe of Faesipn {vorpal, rC+ Str+3}
 18856 | Lair:5   | Found the necklace of Bloodlust {*Rage +Rage Will++ Int-3
                  | Slay+6}
 18882 | Lair:5   | Reached skill level 15 in Spellcasting
 19159 | Lair:6   | Entered Level 6 of the Lair of Beasts
 19481 | Lair:6   | Reached skill level 10 in Dodging
 19646 | Lair:6   | Found a runed translucent door.
 19647 | Lair:6   | Found a viscous altar of Jiyva.
 19649 | Lair:6   | Found a staircase to the Slime Pits.
 19649 | Lair:6   | Noticed an acid blob
 19651 | Lair:6   | Identified the +3 quarterstaff "Gram" {vorpal, rF++ Will+
                  | Int-3 Dex+4}
 20610 | Lair:6   | Killed an acid blob
 20894 | Orc:1    | Entered Level 1 of the Orcish Mines
 20894 | Orc:1    | Noticed Josephine
 20905 | Orc:1    | Killed Josephine
 21105 | Orc:1    | Found Ijoith's Weapon Emporium.
 21324 | D:5      | Bought the +6 dagger "Peosih" {vorpal, Drain +Inv Int+6
                  | Dex+2} for 582 gold pieces
 21489 | D:8      | Reached XP level 15. HP: 100/105 MP: 0/0
 21489 | D:8      | Learned a level 6 spell: Conjure Ball Lightning
 21497 | D:8      | Killed Atlas's ghost
 21732 | Orc:2    | Entered Level 2 of the Orcish Mines
 21896 | Orc:1    | Noticed an orc warlord
 21910 | Orc:1    | Killed an orc warlord
 22268 | Orc:2    | Found Hiwup's Magic Scroll Emporium.
 22305 | Orc:2    | Bought a scroll of identify for 26 gold pieces
 22305 | Orc:2    | Bought a scroll of identify for 26 gold pieces
 22305 | Orc:2    | Bought a scroll of identify for 26 gold pieces
 22305 | Orc:2    | Bought a scroll of identify for 26 gold pieces
 22448 | Orc:2    | Found Sadghim's Weapon Shoppe.
 22628 | Orc:2    | Noticed an orc warlord
 22651 | Orc:2    | Killed an orc warlord
 22652 | Orc:2    | Reached skill level 10 in Armour
 22706 | Orc:2    | Found Kuntieci's General Store.
 22767 | Orc:2    | Found Akuplae's Antique Weapon Emporium.
 22887 | Orc:2    | Reached skill level 10 in Shields
 22938 | Orc:2    | Reached skill level 10 in Fighting
 23030 | Orc:2    | Found a staircase to the Elven Halls.
 23076 | Orc:2    | Paralysed by an orc sorcerer for 5 turns
 23979 | D:12     | Found an ornate altar of the Wu Jian Council.
 24713 | D:13     | Reached XP level 16. HP: 114/114 MP: 0/0
 24757 | D:13     | Found a gate leading to a gauntlet.
 24766 | Gauntlet | Entered a Gauntlet
 24766 | Gauntlet | Found a transporter.
 24766 | Gauntlet | Found a transporter.
 24766 | Gauntlet | Found a transporter.
 24777 | Gauntlet | Found a transporter.
 24792 | Gauntlet | Found a transporter.
 24802 | Gauntlet | Found a transporter.
 24812 | Gauntlet | Found a transporter.
 24827 | Gauntlet | Found a transporter.
 24833 | Gauntlet | Found a transporter.
 24882 | Gauntlet | Found a transporter.
 24882 | Gauntlet | Found a transporter.
 24885 | Gauntlet | Found a transporter.
 25179 | Gauntlet | Identified the +2 helmet of the Enchanted Forest {Dex+3}
 25206 | Gauntlet | Found the +2 hood of the Assassin {Detection Stab+ Stlth++}
 25206 | Gauntlet | Found the +7 captain's cutlass {speed, disarm}
 26040 | D:13     | Found a gate to the Vaults.
 26051 | D:13     | Upgraded the game from 0.27-a0-920-gb2bd10914a to
                  | 0.27-a0-931-g5a74e75d8f
 26363 | D:14     | Found a sacrificial altar of Ru.
 26575 | D:14     | Cast into level 2 of the Abyss (a wizard)
 26678 | Abyss:2  | Noticed a bone dragon
 26685 | Abyss:2  | Killed a bone dragon
 26686 | Abyss:2  | Reached skill level 16 in Spellcasting
 26757 | D:14     | Escaped the Abyss
 27223 | D:15     | Entered Level 15 of the Dungeon
 27403 | D:15     | Reached XP level 17. HP: 121/121 MP: 0/0
 27403 | D:15     | Learned a level 6 spell: Freezing Cloud
 27505 | D:15     | Found a staircase to the Depths.
 27598 | D:15     | Found a shimmering altar of Xom.
 27820 | D:15     | Found a shimmering altar of Xom.
 27820 | D:15     | Found a shimmering altar of Xom.
 27821 | D:15     | Found a shimmering altar of Xom.
 27822 | D:15     | Found a shimmering altar of Xom.
 27822 | D:15     | Found a shimmering altar of Xom.
 27822 | D:15     | Found a shimmering altar of Xom.
 27822 | D:15     | Found a shimmering altar of Xom.
 28232 | Swamp:1  | Entered Level 1 of the Swamp
 28379 | Swamp:1  | Identified 2 scrolls of acquirement
 29444 | Swamp:3  | Paralysed by a fenstrider witch for 6 turns
 29449 | Swamp:3  | Slain by an eight-headed hydra

Illustrated notes

Levels and vault maps discovered:
D:1:      eino_arrival_cavern_c, layout_rooms, serial_glass, glass_columns_a,
          glass_columns_c, glass_columns_a, glass_columns_a, glass_columns_a,
          glass_columns_a
D:2:      layout_loops_ring
D:3:      cheibrodos_greedy_goblins, layout_basic
D:4:      layout_basic, minmay_temple_entry_glass, serial_shops, shop,
          cheibrodos_sewer_entry_drain, minmay_ruptured, uniq_edmund, uniq_ijyb
D:5:      layout_cave_pods, serial_shops, shop, uniq_eustachio
D:6:      layout_basic, dk_noncrumbling_4, uniq_grinder
D:7:      layout_gridville, the_bakery, uniq_harold, uniq_pikel
D:8:      layout_cave_pods, zin_statuary, gammafunk_ghost_wrathful_warriors,
          serial_bayou_pond_a
D:9:      layout_roguey [special_room_bee], serial_shops, kennysheep_little_box
D:10:     layout_basic, dpeg_oklobed_lair
D:11:     layout_small_grid, erik_orc_1
D:12:     layout_roguey [special_room_orc], nicolae_wu_jian_wuxing_cycle
D:13:     minmay_dotted_concentric_squares, layout_cave_pods,
          ximxim_vaults_locker_room, gauntlet_entry_generic
D:14:     layout_basic, nicolae_ru_awakened_eye, kennysheep_generic_room_5
D:15:     hangedman_depths_entry_civil_slaughter, layout_rooms,
          grunt_decor_mini_mirrors, xom_shifter_show
Temple:   roderic_octagonal_lattice_temple
Lair:1:   layout_misc_corridors, serial_bayou_crossing, grunt_megastairs_4,
          uniq_nergalle, uniq_fannar
Lair:2:   layout_regular_city, skrybe_swamp_entry_bodies, serial_bayou_shore_a,
          grunt_megastairs_2, uniq_gastronok, uniq_maggie
Lair:3:   regret_index_bee_streams, layout_gridlike
Lair:4:   layout_roguey, minmay_snake_entry_six_corridors, st_stairs_3,
          infiniplex_staircase_pool_2, uniq_urug, uniq_kirke
Lair:5:   beast_lair_carwin_large_2, layout_regular_city, grunt_megastairs_5
Lair:6:   minmay_lair_end_enchanted_forest, layout_loops_ring, slime_altar_2,
          serial_bayou, serial_bayou_lagoon_b, serial_bayou_pond_e,
          serial_bayou_pond_e, serial_bayou_pond_a, wad_woods_02
Swamp:1:  layout_basic_swamp, evilmike_swamp_ruin_rubble_2, swamp_pool4
Swamp:2:  layout_basic_swamp, nicolae_swamp_little_swirl
Swamp:3:  layout_falls_marsh, hangedman_swamp_ruin_wall
Orc:1:    layout_diamond_mine, serial_shops, shop, minmay_orc_temple_a,
          uniq_josephine
Orc:2:    pubby_orc_utopia

Skill      XL: |  1  2  3  4  5  6  7  8  9 10 11 12 13 14 15 16 17 |
---------------+----------------------------------------------------+-----
Spellcasting   | 3 4 5 6 8 9 11 13 14 15 16 | 16.3
Fighting       | 4 6 7 9 10 11 12 | 12.0
Armour         | 4 6 7 9 10 11 12 | 12.1
Shields        | 4 6 7 9 10 11 12 | 12.0
Dodging        | 5 7 8 10 11 12 13 | 13.2
Stealth        | |  1.5

Action                   |  1- 3 |  4- 6 |  7- 9 | 10-12 | 13-15 | 16-18 || total
-------------------------+-------+-------+-------+-------+-------+-------++-------
Melee: Long sword        |    60 |    56 |    31 |       |       |       ||   147
       Rapier            |       |       |     4 |       |       |       ||     4
       Double sword      |       |       |       |       |     5 |       ||     5
       War axe           |       |       |       |       |     3 |       ||     3
       Dagger            |       |       |       |       |     1 |       ||     1
       Staff             |       |       |       |       |       |     1 ||     1
 Cast: Sandblast         |    10 |    13 |       |       |       |       ||    23
       Stone Arrow       |       |    23 |   152 |   248 |    23 |    17 ||   463
       Mephitic Cloud    |       |       |     8 |    23 |    27 |    13 ||    71
       Corpse Rot        |       |       |     1 |       |     6 |       ||     7
       Petrify           |       |       |     9 |    22 |    22 |     7 ||    60
       Beastly Appendage |       |       |     1 |       |     1 |       ||     2
       Lee's Rapid Decon |       |       |       |    45 |    15 |    26 ||    86
       Summon Lightning  |       |       |       |    30 |    19 |       ||    49
       Borgnjor's Vile C |       |       |       |    23 |   551 |   214 ||   788
       Conjure Ball Ligh |       |       |       |       |     3 |     2 ||     5
       Freezing Cloud    |       |       |       |       |       |    45 ||    45
  Use: Scroll            |       |       |     9 |     2 |    12 |     8 ||    31
       Potion            |       |       |       |       |       |     1 ||     1
 Stab: Sleeping          |     3 |       |       |       |       |       ||     3
Armor: Robe              |    14 |    12 |       |       |       |       ||    26
       Scale mail        |       |       |     7 |     7 |       |       ||    14
       Leather armour    |       |       |     2 |       |       |       ||     2
       Troll leather arm |       |       |       |    26 |    20 |    19 ||    65
Dodge: Dodged            |    57 |    56 |    15 |    70 |    96 |    63 ||   357
Block: Kite shield       |       |       |       |    69 |    79 |    51 ||   199
       Rpst.: Long sword |    17 |    17 |     4 |       |       |       ||    38
       Scimitar          |       |       |       |    13 |       |       ||    13
       Double sword      |       |       |       |       |     1 |       ||     1

Table legend: (Time is in decaauts)
 A = Elapsed time spent in this place.
 B = Non-inter-level travel time spent in this place.
 C = Inter-level travel time spent in this place.
 D = Time resting spent in this place.
 E = Time spent auto-exploring this place.
 F = Levels seen in this place.
 G = Mean time per level.
                   A        B        C        D        E       F      G
               +--------+--------+--------+--------+--------+-----+--------+
         Total |  29561 |  27709 |   1852 |   1246 |  20237 |  30 |  985.4 |
       Dungeon |  17915 |  16443 |   1472 |    936 |  12564 |  15 | 1194.3 |
        Temple |    270 |    270 |      0 |      0 |    247 |   1 |  270.0 |
          Lair |   5670 |   5410 |    260 |     42 |   3984 |   6 |  945.0 |
         Swamp |   1216 |   1178 |     38 |      0 |    948 |   3 |  405.3 |
  Orcish Mines |   2281 |   2201 |     80 |     11 |   1388 |   2 | 1140.5 |
         Abyss |    185 |    185 |      0 |      0 |     57 |   1 |  185.0 |
         Sewer |   1474 |   1474 |      0 |    257 |    901 |   1 | 1474.0 |
      Gauntlet |    547 |    547 |      0 |      0 |    148 |   1 |  547.0 |
               +--------+--------+--------+--------+--------+-----+--------+

Top non-repeatable levels by time:
     D:5: 1893 daAuts
   Orc:2: 1639 daAuts
  Lair:6: 1566 daAuts
     D:7: 1501 daAuts
    D:10: 1485 daAuts
     D:3: 1484 daAuts
   Sewer: 1474 daAuts
     D:2: 1300 daAuts
    D:11: 1276 daAuts
     D:8: 1218 daAuts
     D:6: 1171 daAuts
  Lair:3: 1107 daAuts
    D:13: 1088 daAuts
     D:4: 1069 daAuts
     D:9: 1000 daAuts
